 Dungeon Crawl Stone Soup version 0.28.0-53-g5a82cb258f (webtiles) character file.

Game seed: 1845273663337428687

63 worthlessgem the Changer (level 3, 0/15 HPs)
             Began as a Felid Transmuter on Aug 22, 2022.
             Succumbed to an adder's poison
             ... on level 3 of the Dungeon.
             The game lasted 00:09:35 (2741 turns).

worthlessgem the Changer (Felid Transmuter)         Turns: 2741, Time: 00:09:36

Health: 0/15       AC:  1    Str:  8    XL:     3   Next: 89%
Magic:  4/7        EV: 17    Int: 14    God:
Gold:   70         SH:  0    Dex: 16    Spells: 4/6 levels left
                                        Lives:  0   Deaths: 0

rFire   . . .      SeeInvis +     - Unarmed
rCold   . . .      Faith    .   (shield unavailable)
rNeg    . . .      Spirit   .   (armour unavailable)
rPois   .          Reflect  .   (helmet unavailable)
rElec   .          Harm     .   (cloak unavailable)
rCorr   .          Rampage  .   (gloves unavailable)
Will    .....                   (boots unavailable)
Stlth   +.........              (no amulet)
HPRegen 0.05/turn               (no ring)
MPRegen 0.10/turn               (no ring)

@: lethally poisoned (0 -> -6), appendages (expiring), quick
A: horns 2, very small, claws 1, fangs 3, see invisible, speed 1, shaggy fur 1,
stealthy paws, no weapons or thrown items, no armour, multi-lived
a: End Transformation


You were on level 3 of the Dungeon.
You had temporarily grown beastly horns.
You visited 1 branch of the dungeon, and saw 3 of its levels.

You collected 70 gold pieces.

Inventory:

Missiles
 a - 58 stones
Wands
 f - a wand of digging (4)
Scrolls
 d - a scroll of identify {unknown}
 e - a scroll of teleportation {unknown}
 g - a scroll of fear {unknown}
Potions
 b - a potion of curing {unknown}
 c - a potion of haste {unknown}


   Skills:
 - Level 1.0 Fighting
 - Level 2.6 Dodging
 - Level 3.0 Unarmed Combat
 - Level 2.0 Spellcasting
 + Level 0.6 Conjurations
 + Level 3.2 Transmutations
 + Level 0.6 Air Magic
 - Level 2.1 Poison Magic


You had 4 spell levels left.
You knew the following spells:

 Your Spells              Type           Power      Damage    Failure   Level
a - Beastly Appendage     Tmut           20%        N/A       6%          1
b - Summon Small Mammal   Summ           4%         N/A       24%         1

Your spell library contained the following spells:

 Spells                   Type           Power      Damage    Failure   Level
 Wereblood                Tmut           10%        N/A       10%         2
 Magic Dart               Conj           12%        1d3       19%         1
 Animate Skeleton         Necr           2%         N/A       24%         1
 Apportation              Tloc           2%         N/A       24%         1
 Spider Form              Tmut/Pois      8%         N/A       24%         3
 Call Imp                 Summ           1%         N/A       34%         2
 Mephitic Cloud           Conj/Pois/Air  4%         N/A       41%         3
 Call Canine Familiar     Summ           1%         N/A       56%         3
 Ice Form                 Ice/Tmut       5%         N/A       77%         4
 Leda's Liquefaction      Hex/Erth       0%         N/A       93%         4
 Portal Projectile        Hex/Tloc       Unusable   N/A       N/A         3

Dungeon Overview and Level Annotations

Branches:
Dungeon (3/15)

Altars:
Fedhas

Shops:
D:1 ?


Innate Abilities, Weirdness & Mutations

You have temporarily grown beastly horns.
You have sharp claws.
You have razor-sharp teeth.
You have supernaturally acute eyesight. (SInv)
You cover ground quickly. (Speed+)
You are covered in fur. (AC +1)
Your paws help you pounce on unaware monsters.
You are incapable of wielding weapons or throwing items.
You cannot wear armour.
You gain extra lives every three experience levels.


Message History

Your transformation is almost over.
Your horns disappear.
g - a scroll labelled APSEAS YKHO An adder comes into view.
Found a stone staircase leading down.
Casting: Beastly Appendage (safe; 6% risk of failure)
Confirm with . or Enter, or press ? or * to list all spells.
You grow a pair of large bovine horns.
Casting: Beastly Appendage (safe; 6% risk of failure)
Confirm with . or Enter, or press ? or * to list all spells.
A kobold comes into view. It is wielding a +0 dagger.
The adder misses you.
You scratch the adder.
The adder is heavily wounded.
The adder closely misses you.
Casting: Summon Small Mammal (safe; 24% risk of failure)
Confirm with . or Enter, or press ? or * to list all spells.
Your transformation is almost over.
The adder bites you.
The kobold throws a stone.
The stone closely misses you. The stone barely misses your rat.
The adder bites you.
Unknown command.
You miss the adder.
The adder is heavily wounded.
The adder barely misses you.
Your rat barely misses the adder.
You closely miss the adder.
The adder is heavily wounded.
Your rat barely misses the adder.
The adder completely misses you.
The kobold throws a stone.
The stone hits you.
You miss the adder. Your headbutt misses the adder. Your bite misses the adder.
The adder is heavily wounded.
Your rat completely misses the adder.
The adder closely misses you.
Your rat bites the adder.
You closely miss the adder.
The adder is severely wounded.
The adder bites you.
* * * LOW HITPOINT WARNING * * *
You are lethally poisoned!
The adder poisons you!
Your rat misses the adder.
Your rat bites the adder.
The adder misses you.
You die...

####### ......# ###
##### ....#.#
##.####...# ..>.#.#
#.......#.#
....#.####.####...#
.†#.........####@#######
....######.###.rr......#
#.#.# ########..S..###.#
.†..# #...†..#.....K.
#.### #......#.....#.#
#.# ##......#.........
#.####.......####.>.....
....##.......# #.##.##.#
#............# ... .# .#


You could see an adder (ally target), a kobold and 2 friendly rats.

Vanquished Creatures
  2 adders
  A dart slug (D:1)
  A ball python (D:3)
  3 endoplasms
  A giant cockroach (D:1)
  5 hobgoblins
  4 kobolds
  A quokka (D:1)
  3 bats
  2 frilled lizards
  2 goblins
  3 rats
28 creatures vanquished.

Vanquished Creatures (collateral kills)
  An adder (D:2)
  A giant cockroach (D:2)
  A goblin (D:2)
  A ball python (D:3)
  A frilled lizard (D:2)
5 creatures vanquished.

Grand Total: 33 creatures vanquished

Notes
Turn   | Place    | Note
-------+----------+-------------------------------------------
     0 | D:1      | worthlessgem the Felid Transmuter began the quest for the
                  | Orb.
     0 | D:1      | Reached XP level 1. HP: 9/9 MP: 4/4
    68 | D:1      | Learned a level 1 spell: Summon Small Mammal
   406 | D:1      | Reached skill level 1 in Poison Magic
   490 | D:1      | Reached XP level 2. HP: 12/12 MP: 4/6
   585 | D:1      | Found Peam's Magic Scroll Shop.
  1762 | D:2      | Reached XP level 3. HP: 10/15 MP: 1/7
  2045 | D:2      | Found a blossoming altar of Fedhas.
  2478 | D:2      | Found a faded altar of an unknown god.
  2741 | D:3      | Succumbed to an adder's poison

Illustrated notes

Levels and vault maps discovered:
D:1:      saegor_arrival_miasma, layout_basic, serial_shops, shop
D:2:      layout_loops_ring, basic_altar, shapermc_ecumenical_altar_acropolis
D:3:      cheibrodos_thug_alley, layout_loops_cross,
          hangedman_decor_diamond_cutter

Skill      XL: |  1  2  3 |
---------------+----------+-----
Poison Magic   | 1 2 |  2.1
Transmutations | 3 |  3.2
Fighting       | |  1.0
Dodging        | |  2.6
Unarmed Combat | |  3.0
Spellcasting   | |  2.0
Conjurations   | |  0.6
Air Magic      | |  0.6

Action                   || total
-------------------------++-------
Melee: Unarmed           ||    80
       Headbutt          ||     6
       Bite              ||     6
       Punch             ||     2
 Cast: Beastly Appendage ||    23
       Summon Small Mamm ||    23
Armor: Skin              ||     7
Dodge: Dodged            ||    74
